 Dungeon Crawl Stone Soup version 0.13-a0-3104-gb5885e9 (webtiles) character file.

431 Malachi the Skirmisher (level 5, 0/42 HPs)
             Began as a Mummy Berserker on Sept 19, 2013.
             Was a Believer of Trog.
             Slain by an orc (3 damage)
             ... on Level 4 of the Dungeon.
             The game lasted 00:07:19 (4732 turns).

Malachi the Skirmisher (Mummy Berserker)            Turns: 4732, Time: 00:07:19

HP   0/42        AC 13     Str 21      XL: 5   Next: 56%
MP   4/4         EV  5     Int  6      God: Trog [**....]
Gold 221         SH  0     Dex 11      Spells:  0 memorised,  4 levels left

Res.Fire  : x . .   See Invis. : .   d - +1,+2 spear (venom)
Res.Cold  : + . .   Warding    : .   f - +0 plate armour
Life Prot.: + + +   Conserve   : +   (no shield)
Res.Poison: +       Res.Corr.  : .   p - +0 helmet
Res.Elec. : .       Clarity    : .   (no cloak)
Sust.Abil.: . .     Spirit.Shd : .   (no gloves)
Res.Mut.  : .       Stasis     : .   m - +0 pair of boots
Res.Rott. : +       Flight     : .   o - amulet of conservation
Saprovore : . . .                    (no ring)
                                     (no ring)

@: regenerating, very resistant to hostile enchantments, extremely unstealthy
A: no food or potions, fire vulnerability, restore body, cold resistance 1, life
protection 3, poison resistance, torment resistance, unbreathing
a: Burn Spellbooks, Berserk, Trog's Hand, Renounce Religion


You were on level 4 of the Dungeon.
You worshipped Trog.
Trog was most pleased with you.
You were not hungry.

You visited 1 branch of the dungeon, and saw 4 of its levels.

You collected 201 gold pieces.

Inventory:

Hand weapons
 a - a +0,+0 falchion
 d - a +1,+2 spear of venom (weapon)
 g - a +1,+1 sling of frost
Missiles
 h - 16 silver sling bullets
 i - 35 sling bullets
 j - 19 stones (quivered)
Armour
 f - a +0 plate armour (worn)
 m - a +0 pair of boots (worn)
 p - a +0 helmet (worn)
Scrolls
 c - a scroll of teleportation
 e - 3 scrolls of identify
 l - 2 scrolls of remove curse
 n - a scroll of fog
Jewellery
 b - an uncursed amulet of resist mutation {unknown}
 o - an amulet of conservation (around neck)
Magical staves
 k - an uncursed staff of fire


   Skills:
 + Level 3.6 Fighting
 + Level 3.0 Long Blades
 + Level 0.1 Polearms
 + Level 3.1 Armour
 + Level 2.7 Dodging
 + Level 1.0 Stealth


You had 4 spell levels left.
You didn't know any spells.

Dungeon Overview and Level Annotations

Branches:
Dungeon (4/27)
 Temple: D:4-7

Altars:
Sif Muna


Innate Abilities, Weirdness & Mutations

You do not eat or drink.
Your flesh is vulnerable to fire.
Your flesh is cold resistant.
You are immune to negative energy.
Your system is resistant to poisons.
You are immune to unholy pain and torment.
You can survive without breathing.


Message History

The orc hits you but does no damage.
You hit the orc priest.
The orc priest is severely wounded.
The orc wizard casts a spell at you. The magic dart hits you!
The orc hits you but does no damage.
The orc priest hits you but does no damage.
The orc wizard points at you and mumbles some strange words.
The magic dart hits you! The orc hits you but does no damage.
The orc hits you but does no damage.
Use which ability? (? or * to list)
Okay, then.
Use which ability? (? or * to list)
Your skin crawls.
You feel resistant to hostile enchantments.
The orc wizard barely misses you.
The orc priest mumbles some strange prayers to Beogh against you.
Something smites you!
* * * LOW HITPOINT WARNING * * *
The orc hits you.
You die...

## #.# ##.##### #.# #.#
#.# #.## #.# #..###
###+######## ##...#
...........##########'##
#...........'.##.....[...
#......oo...#..'.!.......
+%.....o@...####.........
#......o....# #.........
...........# #.........
...........# ##########
############


You could see an orc priest, an orc wizard and 2 orcs.

Vanquished Creatures
  Sigmund (D:3)
  Jessica (D:3)
  2 adders
  3 gnolls (D:2)
  2 worms (D:2)
  An adder skeleton (D:1)
  2 oozes (D:2)
  7 orcs
  3 bats
  A giant cockroach (D:4)
  3 goblins
  3 hobgoblins
  11 kobolds
  2 quokkas (D:2)
  2 giant geckos (D:4)
  4 giant newts
  2 jackals (D:4)
  5 rats
55 creatures vanquished.

Notes
Turn   | Place    | Note
--------------------------------------------------------------
     0 | D:1      | Malachi, the Mummy Berserker, began the quest for the Orb.
     0 | D:1      | Reached XP level 1. HP: 18/18 MP: 0/0
   748 | D:1      | Reached XP level 2. HP: 16/24 MP: 1/1
  1488 | D:2      | Reached XP level 3. HP: 5/30 MP: 2/2
  1692 | D:2      | Acquired Trog's second power
  1986 | D:2      | Found a deep blue altar of Sif Muna.
  3219 | D:3      | Noticed Jessica
  3229 | D:3      | Killed Jessica
  3229 | D:3      | Reached XP level 4. HP: 31/36 MP: 3/3
  3618 | D:3      | Noticed Sigmund
  3640 | D:3      | Killed Sigmund
  3640 | D:3      | Reached XP level 5. HP: 21/42 MP: 4/4
  4222 | D:2      | Reached skill level 1 in Stealth
  4732 | D:4      | Slain by an orc

Action                   |  1- 3 |  4- 6 || total
-------------------------+-------+-------++-------
Melee: Falchion          |   109 |     2 ||   111
       Spear             |    19 |    87 ||   106
Throw: Spear             |       |     1 ||     1
Invok: Trog's Hand       |       |     1 ||     1
  Use: Scroll            |    14 |       ||    14
